 Dungeon Crawl Stone Soup version 0.30-a0-377-g5cb311bc9f (webtiles) character file.

Game seed: 6863900168903326885

18913 pokeman the Eclecticist (level 12, -12/66 HPs)
             Began as a Deep Elf Hedge Wizard on Nov 29, 2022.
             Was an Elder of Vehumet.
             Hit by a large rock thrown by a cyclops (47 damage)
             ... on level 12 of the Dungeon on Nov 30, 2022.
             The game lasted 00:36:26 (14527 turns).

pokeman the Eclecticist (Deep Elf Hedge Wizard)    Turns: 14527, Time: 00:36:26

Health: -12/66     AC: 13    Str: 13    XL:     12   Next: 31%
Magic:  27/36      EV: 13    Int: 28    God:    Vehumet [****..]
Gold:   1294       SH:  0    Dex: 14    Spells: 32/48 levels left

rFire   . . .      SeeInvis +    n - +8 long sword "Jaof" {vorpal, rPois rN+ SInv}
rCold   . . .      Faith    .    (no shield)
rNeg    + + .      Spirit   .    C - +2 robe {rN+}
rPois   +          Reflect  .    G - +2 helmet {Int+3}
rElec   .          Harm     .    E - +2 cloak of Depression {rCorr}
rCorr   +          Rampage  .    v - +0 pair of gloves
Will    +....                    W - +0 pair of boots
Stlth   ++........               (no amulet)
HPRegen 0.31/turn                x - +6 ring of strength
MPRegen 0.25/turn                (no ring)

@: no status effects
A: no striking features
a: Renounce Religion


You were on level 12 of the Dungeon.
You worshipped Vehumet.
Vehumet was greatly pleased with you.
You visited 2 branches of the dungeon, and saw 13 of its levels.
You also visited: Bailey.

You collected 1294 gold pieces.

Inventory:

Hand Weapons
 b - a +2 dagger of venom
 n - the +8 long sword "Jaof" (weapon) {vorpal, rPois rN+ SInv}
   (You found it on level 2 of the Dungeon)

   It inflicts extra damage upon your enemies.
   rPois:     It protects you from poison.
   rN:        It protects you from negative energy.
   SInv:      It lets you see invisible.
 w - a +4 quarterstaff of chaos
 K - the +6 rapier "Gexaleer" {vorpal, rF+++ rN+++ Str-5 Dex-4}
   (You found it on level 8 of the Dungeon)

   It inflicts extra damage upon your enemies.
   Str:       It affects your strength (-5).
   Dex:       It affects your dexterity (-4).
   rF:        It renders you almost immune to fire.
   rN:        It renders you almost immune to negative energy.
 U - a +2 shortbow of electrocution
Missiles
 r - 5 curare-tipped darts
Armour
 v - a +0 pair of gloves (worn)
 C - a +2 robe of positive energy (worn)
 E - the +2 cloak of Depression (worn) {rCorr}
   (You found it on level 6 of the Dungeon)

   rCorr:     It protects you from acid and corrosion.
 G - a +2 helmet of intelligence (worn)
 I - the +18 Lear's hauberk
   (You found it on level 8 of the Dungeon)
 N - a +0 buckler
 S - a +0 troll leather armour
 W - a +0 pair of boots (worn)
Jewellery
 c - an amulet of faith
 x - a +6 ring of strength (left hand)
 M - an amulet of guardian spirit
 R - a ring of see invisible
Wands
 u - a wand of flame (59)
 y - a wand of quicksilver (20)
 J - a wand of digging (1)
Scrolls
 h - 3 scrolls of vulnerability
 j - 6 scrolls of amnesia
 m - 11 scrolls of teleportation
 o - 4 scrolls of poison
 p - 4 scrolls of enchant armour
 q - 3 scrolls of fear
 s - 3 scrolls of immolation
 F - 2 scrolls of enchant weapon
 L - a scroll of blinking
 O - 4 scrolls of fog {unknown}
 P - 4 scrolls of magic mapping {unknown}
 V - 2 scrolls of silence {unknown}
Potions
 a - 11 potions of heal wounds {unknown}
 d - 5 potions of magic
 e - 5 potions of flight
 f - 4 potions of degeneration {unknown}
 g - 3 potions of haste {unknown}
 k - 2 potions of brilliance {unknown}
 l - 3 potions of attraction {unknown}
 t - 7 potions of curing {unknown}
 z - 5 potions of lignification {unknown}
 A - a potion of berserk rage {unknown}
 B - a potion of ambrosia {unknown}
 H - 4 potions of mutation {unknown}
 Q - a potion of invisibility {unknown}
 T - a potion of might {unknown}
 X - a potion of resistance {unknown}


   Skills:
 - Level 4.3 Fighting
 - Level 5.0 Armour
 - Level 3.1 Dodging
 - Level 3.1 Stealth
 + Level 4.4 Shields
 * Level 18.6 Spellcasting
 + Level 11.1 Conjurations
 - Level 1.1 Summonings
 - Level 1.0 Necromancy
 - Level 1.1 Translocations
 - Level 1.2 Ice Magic
 - Level 1.0 Air Magic
 - Level 1.1 Earth Magic
 - Level 1.3 Poison Magic
 - Level 1.2 Evocations


You had 32 spell levels left.
You knew the following spells:

 Your Spells              Type           Power      Damage    Failure   Level
a - Magic Dart            Conj           100%       1d8       0%          1
b - Mephitic Cloud        Conj/Pois/Air  50%        N/A       1%          3
c - Call Imp              Summ           32%        N/A       1%          2
d - Blink                 Tloc           64%        N/A       1%          2
e - Stone Arrow           Conj/Erth      100%       3d13      1%          3
f - Freezing Cloud        Conj/Ice/Air   25%        6-21      2%          5

Your spell library contained the following spells:

 Spells                   Type           Power      Damage    Failure   Level
 Yara's Violent Unravell  Hex/Tmut       13%        3d7       13%         5
 Freeze                   Ice            100%       1d10      1%          1
 Sandblast                Erth           64%        2d14      1%          1
 Slow                     Hex            100%       N/A       1%          1
 Sting                    Tmut/Pois      100%       1d8       1%          1
 Cigotuvi's Dreadful Rot  Necr/Pois/Air  64%        N/A       1%          2
 Passwall                 Tmut/Erth      24%        N/A       1%          2
 Poisonous Vapours        Pois/Air       64%        N/A       1%          2
 Searing Ray              Conj           100%       2d8       1%          2
 Frozen Ramparts          Ice            66%        1d10      1%          3
 Hailstorm                Conj/Ice       57%        3d12      1%          3
 Ignite Poison            Fire/Tmut/Pois 28%        N/A       1%          3
 Kindle Blastsparks       Fire/Tloc/Air  60%        2d15      1%          3
 Fulminant Prism          Conj/Hex       27%        3d13      1%          4
 Olgreb's Toxic Radiance  Pois           33%        N/A       2%          4
 Iron Shot                Conj/Erth      28%        9d6       5%          6
 Summon Ice Beast         Ice/Summ       32%        N/A       10%         4
 Animate Armour           Summ/Erth      64%        N/A       11%         4
 Ice Form                 Ice/Tmut       29%        N/A       13%         4
 Blade Hands              Tmut           13%        N/A       43%         5


Dungeon Overview and Level Annotations

Branches:
Dungeon (12/15)            Temple (1/1) D:5            Lair (0/5) D:9
    Orc (0/2) D:9          Bailey (visited)

Altars:
Cheibriados
Dithmenos
Elyvilon
Fedhas
Gozag
Hepliaklqana
Kikubaaqudgha
Makhleb
Nemelex Xobeh
Okawaru
Qazlal
Ru
Sif Muna
Trog
Uskayaw
Vehumet
Wu Jian
Xom
Yredelemnul
Zin
The Shining One

Shops:
D:6 *   D:8 (   D:11 :


Message History

D - 2 scrolls of noise
As you read the scroll of identify, it crumbles to dust.
F - 2 scrolls of enchant weapon You drop 2 scrolls of noise.
As you read the scroll of identify, it crumbles to dust.
L - a scroll of blinking
Okay, then.
Unknown command.
Done exploring.
Unknown command.
A cyclops is nearby!
The cyclops shouts!
Casting: Stone Arrow (safe; 1% risk of failure)
Confirm with . or Enter, or press ? or * to list all spells.
Aiming: Stone Arrow (safe; 1% risk of failure)
Press: ? - help, Shift-Dir - straight line, f - unseen horror
Aim: an unseen horror (slightly transparent, 78% to hit)
The stone arrow hits the unseen horror!!
The unseen horror is heavily wounded.
Unknown command.
Casting: Stone Arrow (safe; 1% risk of failure)
Confirm with . or Enter, or press ? or * to list all spells.
Aiming: Stone Arrow (safe; 1% risk of failure)
Press: ? - help, Shift-Dir - straight line, f/p - unseen horror
Aim: an unseen horror (heavily wounded, slightly transparent, 78% to hit)
The stone arrow hits the unseen horror!!
The unseen horror is almost dead.
The unseen horror hits you.
The cyclops throws a large rock.
The large rock hits you!!
Casting: Stone Arrow (safe; 1% risk of failure)
Confirm with . or Enter, or press ? or * to list all spells.
Aiming: Stone Arrow (safe; 1% risk of failure)
Press: ? - help, Shift-Dir - straight line, f/p - unseen horror
Aim: an unseen horror (almost dead, slightly transparent, 78% to hit)
The stone arrow hits the unseen horror!!
You kill the unseen horror!
Vehumet accepts your kill.
The cyclops throws a large rock.
The large rock hits you!!!
Ouch! That really hurt!
You die...

................>[# #.#
..................############.#
...............................#
................C.[............#
#######........)..)............#
#...........)............#
#........................#
#######...........<............#
................@..............#
..............(................#
...#############...............#
...# #...(...........# ...#
#...............# ...#
#...............# ...#
#...............# ...#
#...............#
...#############...............#


You could see a cyclops.

Vanquished Creatures
  Erica (D:10)
  5 two-headed ogres
  A boulder beetle (D:11)
  A centaur warrior (D:12)
  A tengu warrior (D:8)
  3 cyclopes
  A centaur skeleton (D:10)
  An unseen horror (D:12)
  A komodo dragon (D:10)
  A troll (D:11)
  Prince Ribbit (D:5)
  Sigmund (D:5)
  2 vampires
  A wraith (D:11)
  2 wyverns (D:9)
  A shadow (D:11)
  24 yaks
  4 basilisks
  A steam dragon (D:9)
  7 vampire mosquitoes
  2 acid dragons
  5 water moccasins
  An ice beast (D:7)
  12 orc warriors
  A sky beast (D:4)
  An ogre (D:6)
  3 centaurs
  A phantom (D:5)
  2 kobold brigands
  4 bullfrogs
  3 scorpions
  A gnoll sergeant (D:9)
  13 wights
  6 killer bees (D:11)
  3 howler monkeys
  2 centaur zombies (D:10)
  5 orc priests
  3 jellies
  10 hounds
  Crazy Yiuf (D:3)
  2 iguanas
  5 orc wizards
  Ijyb (D:4)
  A howler monkey zombie (D:10)
  5 gnolls
  4 adders
  3 shadow imps
  A white imp (D:6)
  A howler monkey simulacrum (D:10)
  An ufetubus (D:6)
  3 dart slugs
  35 orcs
  7 bats
  5 endoplasms
  5 giant cockroaches
  16 hobgoblins
  8 jackals
  31 kobolds
  2 quokkas (D:1)
  7 ball pythons
  A frilled lizard (D:2)
  6 goblins
  8 rats
297 creatures vanquished.

Vanquished Creatures (others)
  6 fungi (D:9)
  29 plants
35 creatures vanquished.

Grand Total: 332 creatures vanquished

Notes
Turn   | Place    | Note
-------+----------+-------------------------------------------
     0 | D:1      | pokeman the Deep Elf Hedge Wizard began the quest for the
                  | Orb.
     0 | D:1      | Reached XP level 1. HP: 10/10 MP: 7/7
   299 | D:1      | Reached XP level 2. HP: 16/16 MP: 6/9
  1044 | D:1      | Reached skill level 5 in Spellcasting
  1128 | D:1      | Reached XP level 3. HP: 20/20 MP: 6/11
  1132 | D:1      | Learned a level 3 spell: Mephitic Cloud
  1135 | D:1      | Learned a level 2 spell: Call Imp
  1138 | D:1      | Learned a level 2 spell: Blink
  1142 | D:1      | Learned a level 3 spell: Stone Arrow
  1604 | D:2      | Found a faded altar of an unknown god.
  1718 | D:2      | Identified the +8 long sword "Jaof" {vorpal, rPois rN+
                  | SInv}
  1803 | D:2      | Reached skill level 1 in Fighting
  2458 | D:2      | Reached skill level 1 in Armour
  2928 | D:3      | Found a shadowy altar of Dithmenos.
  3014 | D:3      | Found a runed translucent door.
  3015 | D:3      | Noticed Crazy Yiuf
  3064 | D:3      | Reached XP level 4. HP: 25/25 MP: 9/13
  3260 | D:3      | Reached skill level 6 in Spellcasting
  3260 | D:3      | Reached XP level 5. HP: 26/29 MP: 11/15
  3432 | D:3      | Killed Crazy Yiuf
  3554 | D:4      | Reached skill level 1 in Air Magic
  3554 | D:4      | Reached skill level 1 in Earth Magic
  3690 | D:4      | Noticed Ijyb
  3699 | D:4      | Noticed a sky beast
  3700 | D:4      | Reached XP level 6. HP: 27/34 MP: 11/17
  3704 | D:4      | Killed Ijyb
  3707 | D:4      | Killed a sky beast
  3708 | D:4      | Reached skill level 7 in Spellcasting
  3708 | D:4      | Reached skill level 1 in Poison Magic
  3708 | D:4      | Reached skill level 1 in Evocations
  4117 | D:4      | Reached skill level 1 in Necromancy
  4165 | D:4      | Reached XP level 7. HP: 38/38 MP: 12/20
  4772 | D:5      | Entered Level 5 of the Dungeon
  4961 | D:5      | Reached skill level 8 in Spellcasting
  4976 | D:5      | Noticed Sigmund
  4995 | D:5      | Killed Sigmund
  5073 | D:5      | Reached skill level 9 in Spellcasting
  5079 | D:5      | Reached XP level 8. HP: 7/44 MP: 9/23
  5325 | D:5      | Reached skill level 5 in Conjurations
  5458 | D:5      | Noticed Prince Ribbit
  5466 | D:5      | Killed Prince Ribbit
  5467 | D:5      | Reached skill level 10 in Spellcasting
  5683 | D:5      | Found a staircase to the Ecumenical Temple.
  5692 | Temple   | Entered the Ecumenical Temple
  5923 | D:5      | Found a snail-covered altar of Cheibriados.
  5926 | D:5      | Found a sacrificial altar of Ru.
  5929 | D:5      | Found a radiant altar of Vehumet.
  5933 | D:5      | Became a worshipper of Vehumet
  6196 | D:6      | Found Gozag's Platinum Reserve.
  6207 | D:6      | Found an opulent altar of Gozag.
  6349 | D:6      | Reached skill level 11 in Spellcasting
  6551 | D:6      | Identified the +2 cloak of Depression {rCorr}
  6779 | D:7      | Found a flagged portal.
  6796 | Bailey   | Entered a bailey
  6926 | Bailey   | Reached * piety under Vehumet
  6926 | Bailey   | Offered knowledge of Shock by Vehumet.
  6927 | Bailey   | Reached XP level 9. HP: 49/49 MP: 19/26
  7033 | Bailey   | Reached skill level 12 in Spellcasting
  7939 | D:7      | Found a hide-covered altar of Uskayaw.
  8192 | D:8      | Reached ** piety under Vehumet
  8198 | D:8      | Reached skill level 13 in Spellcasting
  8226 | D:8      | Noticed a tengu warrior
  8472 | D:8      | Killed a tengu warrior
  8566 | D:8      | Found the +18 Lear's hauberk
  8788 | D:8      | Identified the +6 rapier "Gexaleer" {vorpal, rF+++ rN+++
                  | Str-5 Dex-4}
  8829 | D:8      | Found Qiughytwis's Antique Weapon Shop.
  8853 | D:8      | Reached XP level 10. HP: 56/57 MP: 23/29
  9366 | D:9      | Offered knowledge of Kiss of Death by Vehumet.
  9367 | D:9      | Reached skill level 14 in Spellcasting
  9558 | D:9      | Found a stormy altar of Qazlal.
  9976 | D:9      | Found a staircase to the Lair.
 10012 | D:9      | Reached skill level 15 in Spellcasting
 10513 | D:9      | Offered knowledge of Kindle Blastsparks by Vehumet.
 10649 | D:9      | Found a bloodstained altar of Trog.
 10761 | D:9      | Found a staircase to the Orcish Mines.
 10939 | D:10     | Entered Level 10 of the Dungeon
 10959 | D:10     | Noticed a two-headed ogre
 10965 | D:10     | Killed a two-headed ogre
 10966 | D:10     | Reached XP level 11. HP: 61/61 MP: 20/32
 11087 | D:10     | Reached skill level 5 in Armour
 11212 | D:10     | Reached skill level 16 in Spellcasting
 11366 | D:10     | Reached skill level 1 in Shields
 11430 | D:10     | Reached *** piety under Vehumet
 11451 | D:10     | Noticed Erica
 11634 | D:10     | Found an iron altar of Okawaru.
 11773 | D:10     | Killed Erica
 11832 | D:10     | Reached skill level 10 in Conjurations
 12394 | D:11     | Offered knowledge of Sticky Flame by Vehumet.
 12399 | D:11     | Noticed a two-headed ogre
 12406 | D:11     | HP: 3/61 [two-headed ogre/+0 giant spiked club (10)]
 12409 | D:11     | Killed a two-headed ogre
 12410 | D:11     | Reached skill level 17 in Spellcasting
 12681 | D:11     | Found Pisedd's Self-Improvement Boutique.
 13035 | D:11     | Reached **** piety under Vehumet
 13138 | D:11     | Learned a level 5 spell: Freezing Cloud
 13262 | D:11     | Identified the +5 quarterstaff of the Lost Friars {vamp,
                  | rC- rN+ Int+3 Dex+4}
 13366 | D:11     | Noticed a boulder beetle
 13375 | D:11     | Killed a boulder beetle
 13376 | D:11     | Reached skill level 1 in Ice Magic
 13376 | D:11     | Reached XP level 12. HP: 30/66 MP: 22/35
 13597 | D:12     | Noticed a two-headed ogre
 13785 | D:12     | Noticed a two-headed ogre
 13786 | D:12     | Noticed a two-headed ogre
 13790 | D:12     | Reached skill level 18 in Spellcasting
 13791 | D:12     | Killed a two-headed ogre
 13791 | D:12     | Offered knowledge of Yara's Violent Unravelling by Vehumet.
 13791 | D:12     | Killed a two-headed ogre
 14268 | D:12     | Noticed a centaur warrior
 14273 | D:12     | Killed a centaur warrior
 14329 | D:12     | Killed a two-headed ogre
 14527 | D:12     | Hit by a large rock thrown by a cyclops

Illustrated notes

Levels and vault maps discovered:
D:1:      lightli_arrival_statuegarden, layout_basic, lexackson_kobold_supper
D:2:      layout_basic, hellmonk_ecumenical_altar_dog_temple,
          serial_bayou_pond_c
D:3:      layout_rooms, nicolae_overflow_hidden_temple,
          nicolae_dithmenos_the_darkroom, cheibrodos_gnoll_hut,
          uniq_crazy_yiuf_cottage
D:4:      layout_basic, uniq_ijyb
D:5:      layout_cave_pools, grunt_temple_overflow_diamond, temple_green,
          uniq_prince_ribbit1, uniq_sigmund
D:6:      layout_gridville, nicolae_gozag_zags_fifth_avenue
D:7:      layout_loops_ring, nicolae_uskayaw_dance_studio, enter_bailey_4
D:8:      layout_loops_corners, serial_shops, shop_statue,
          hellmonk_guarded_unrand_lears
D:9:      layout_stronghold, general_overflow_altar,
          mainiacjoe_overflow_24_doors, minmay_lair_entry_grove, david_orc_5
D:10:     layout_loops_ring, hellmonk_okawaru_the_only_friend_you_need,
          small_statue_alley_b, chequers_serial_rivers_small_b,
          hangedman_weighted_door, uniq_erica
D:11:     layout_stronghold, amcnicky_mini_rare_corridor_liquid,
          nicolae_shop_self_help
D:12:     layout_long_grid, dk_vineyard_1
Temple:   chequers_temple_sunken

Skill      XL: |  1  2  3  4  5  6  7  8  9 10 11 12 |
---------------+-------------------------------------+-----
Spellcasting   | 5 6 7 9 11 13 15 17 18 | 18.6
Fighting       | 1 2 4 |  4.3
Armour         | 1 3 4 5 |  5.0
Conjurations   | 2 3 4 6 7 9 10 11 | 11.1
Dodging        | 3 |  3.1
Stealth        | 3 |  3.1
Air Magic      | 1 |  1.0
Earth Magic    | 1 |  1.1
Poison Magic   | 1 |  1.3
Evocations     | 1 |  1.2
Necromancy     | 1 |  1.0
Shields        | 3 4 |  4.4
Ice Magic      | 1 |  1.2
Summonings     | |  1.1
Translocations | |  1.1

Action                   |  1- 3 |  4- 6 |  7- 9 | 10-12 || total
-------------------------+-------+-------+-------+-------++-------
Melee: Dagger            |     3 |       |       |       ||     3
       Long sword        |     2 |    25 |    96 |   134 ||   257
       Punch             |       |     1 |     2 |     2 ||     5
 Cast: Magic Dart        |   134 |    33 |   185 |    29 ||   381
       Mephitic Cloud    |       |     8 |    20 |    26 ||    54
       Call Imp          |       |     1 |     1 |       ||     2
       Blink             |       |       |     2 |     1 ||     3
       Stone Arrow       |       |       |     8 |   144 ||   152
       Freezing Cloud    |       |       |       |     9 ||     9
  Use: Scroll            |       |       |       |    10 ||    10
 Stab: Sleeping          |     1 |       |     2 |       ||     3
       Confused          |       |     7 |    10 |    10 ||    27
Armor: Leather armour    |     8 |     4 |     1 |       ||    13
       Robe              |       |       |    30 |    71 ||   101
Dodge: Dodged            |    18 |     7 |    95 |   144 ||   264

Table legend: (Time is in decaauts)
 A = Elapsed time spent in this place.
 B = Non-inter-level travel time spent in this place.
 C = Inter-level travel time spent in this place.
 D = Time resting spent in this place.
 E = Time spent auto-exploring this place.
 F = Levels seen in this place.
 G = Mean time per level.
                   A        B        C        D        E       F      G
               +--------+--------+--------+--------+--------+-----+--------+
         Total |  14690 |  14217 |    473 |    663 |  11417 |  14 | 1049.3 |
       Dungeon |  13973 |  13507 |    466 |    618 |  10929 |  12 | 1164.4 |
        Temple |    205 |    198 |      7 |      0 |    190 |   1 |  205.0 |
        Bailey |    511 |    511 |      0 |     45 |    298 |   1 |  511.0 |
               +--------+--------+--------+--------+--------+-----+--------+

Top non-repeatable levels by time:
     D:9: 1729 daAuts
     D:1: 1571 daAuts
    D:11: 1473 daAuts
    D:10: 1411 daAuts
     D:4: 1253 daAuts
     D:8: 1202 daAuts
     D:5: 1130 daAuts
     D:2: 1107 daAuts
     D:7: 902 daAuts
     D:3: 855 daAuts
    D:12: 736 daAuts
     D:6: 599 daAuts
  Bailey: 511 daAuts
  Temple: 205 daAuts
